 Dungeon Crawl Stone Soup version 0.28.0-49-g6dfe1f597d (webtiles) character file.

Game seed: 15188321558352361770

2 H0rd4k the Charlatan (level 1, -1/15 HPs)
             Began as a Human Artificer on May 12, 2022.
             Slain by a hobgoblin (4 damage)
             ... on level 1 of the Dungeon.
             The game lasted 00:00:12 (266 turns).

H0rd4k the Charlatan (Human Artificer)               Turns: 266, Time: 00:00:12

Health: -1/15      AC:  3    Str: 12    XL:     1   Next: 44%
Magic:  1/1        EV: 11    Int: 11    God:
Gold:   0          SH:  0    Dex: 13    Spells: 0/0 levels left

rFire   . . .      SeeInvis .   a - +0 club
rCold   . . .      Faith    .   (no shield)
rNeg    . . .      Spirit   .   b - +0 leather armour
rPois   .          Reflect  .   (no helmet)
rElec   .          Harm     .   (no cloak)
rCorr   .          Rampage  .   (no gloves)
Will    .....                   (no boots)
Stlth   +.........              (no amulet)
HPRegen 0.05/turn               (no ring)
MPRegen 0.07/turn               (no ring)

@: no status effects
A: no striking features
a: no special abilities


You were on level 1 of the Dungeon.
You visited 1 branch of the dungeon, and saw 2 of its levels.

Inventory:

Hand Weapons
 a - a +0 club (weapon)
Armour
 b - a +0 leather armour (worn)
Wands
 c - a wand of flame (15) (quivered)
 d - a wand of charming (15)
Potions
 f - a potion of might {unknown}
Miscellaneous
 e - a piece from Xom's chessboard (15/15)


   Skills:
 + Level 1.0 Fighting
 + Level 2.1 Armour
 + Level 1.0 Dodging
 + Level 1.0 Stealth
 + Level 3.1 Evocations


You couldn't memorise any spells.
You didn't know any spells.
Your spell library was empty.

Dungeon Overview and Level Annotations

Branches:
Dungeon (2/15)

Altars:

Annotations:
D:2 Sigmund


Message History

Found a stone staircase leading up.
A jackal comes into view.
The jackal barks!
You hear a shout!
A kobold comes into view. It is wielding a +0 dagger.
Sigmund the Dreaded comes into view.
He is wielding a +0 scythe.
The jackal pauses to sniff the ground.
Found a stone staircase leading down.
The jackal bites you but does no damage. x2
There is a stone staircase leading up here.
The jackal completely misses you. The jackal bites you.
You climb upwards.
The hobgoblin shouts!
You hear an angry hiss.
Found 10 gold pieces.
There is a stone staircase leading down here.
You closely miss the jackal.
The jackal bites you but does no damage.
You closely miss the jackal. The jackal bites you.
The jackal barely misses you.
The hobgoblin hits you but does no damage.
You hit the jackal.
The jackal is almost dead.
The jackal barely misses you. The hobgoblin hits you. The jackal misses you.
You closely miss the jackal.
The jackal is severely wounded.
The jackal closely misses you. The hobgoblin barely misses you.
A ball python comes into view.
The jackal closely misses you. The hobgoblin hits you.
You barely miss the jackal.
The jackal is severely wounded.
The jackal bites you. The hobgoblin hits you.
* * * LOW HITPOINT WARNING * * *
The jackal bites you but does no damage.
You hit the jackal.
The jackal is almost dead.
The jackal misses you. The hobgoblin barely misses you.
The jackal bites you but does no damage.
You hit the jackal.
You kill the jackal!
The hobgoblin hits you.
You die...

.. .# . .. ..
#. .# #. ...
. .. #.#.#.
.# #...$.#
.####..
##...#gS....#
#....@#
##...## ##.#
##


You could see a hobgoblin and a ball python.

Vanquished Creatures
  A ball python (D:1)
  A goblin (D:2)
  A jackal (D:1)
3 creatures vanquished.

Notes
Turn   | Place    | Note
-------+----------+-------------------------------------------
     0 | D:1      | H0rd4k the Human Artificer began the quest for the Orb.
     0 | D:1      | Reached XP level 1. HP: 15/15 MP: 1/1
   187 | D:1      | You fall into a shaft and drop 1 floor!
   253 | D:2      | Noticed Sigmund
   266 | D:1      | Slain by a hobgoblin

Illustrated notes

Levels and vault maps discovered:
D:1:      psy_arrival_radial01, layout_loops_corners,
          shapermc_ecumenical_altar_gd, chequers_serial_rivers_large_b,
          skrybe_limestone_x, minmay_misc_feat_pillars,
          hangedman_decor_riveting, minmay_misc_feat_columns
D:2:      layout_rooms, grunt_decor_cap, grunt_decor_clamped, st_stairs_8,
          uniq_sigmund, uniq_natasha

Action                   || total
-------------------------++-------
Melee: Club              ||    12
 Stab: Sleeping          ||     1
Armor: Leather armour    ||     7
Dodge: Dodged            ||     9
